 Dungeon Crawl Stone Soup version 0.30-a0-639-g3916f1956a (webtiles) character file.

Game seed: 7623758664443275453

341 ryw the Trooper (level 6, -3/39 HPs)
             Began as a Gargoyle Fighter on Jan 17, 2023.
             Killed by divine providence
             ... invoked by an orc priest
              (9 damage)
             ... on level 5 of the Dungeon.
             The game lasted 00:06:11 (2640 turns).

ryw the Trooper (Gargoyle Fighter)                  Turns: 2640, Time: 00:06:11

Health: -3/39      AC: 19    Str: 22    XL:     6   Next: 56%
Magic:  5/5        EV:  6    Int:  8    God:
Gold:   229        SH:  5    Dex: 13    Spells: 5/5 levels left

rFire   + . .      SeeInvis .    a - +0 war axe (protect)
rCold   . . .      Faith    .    c - +0 buckler
rNeg    + . .      Spirit   .    h - +0 plate armour
rPois   ∞          Reflect  .    p - +2 hat of Jikucwuk {rF+}
rElec   +          Harm     .    (no cloak)
rCorr   .          Rampage  .    (no gloves)
Will    .....      Rnd*Tele +    j - +0 pair of boots Stlth
                                 (no amulet)
HPRegen 0.26/turn                e - +6 ring of dexterity
MPRegen 0.09/turn                (no ring)

@: studying Axes
A: sickness immunity, AC +4, negative energy resistance 1, electricity
resistance, torment resistance 1, petrification resistance, clumsy 1, low MP 1,
sense surroundings 1, teleportitis 1
a: no special abilities


You were on level 5 of the Dungeon.
You visited 1 branch of the dungeon, and saw 5 of its levels.

You collected 229 gold pieces.

Inventory:

Hand Weapons
 a - a +0 war axe of protection (weapon)
Armour
 c - a +0 buckler (worn)
 h - a +0 plate armour (worn)
 j - a +0 pair of boots (worn)
 p - the +2 hat of Jikucwuk (worn) {rF+}
   (You acquired it on level 1 of the Dungeon)

   rF:        It protects you from fire.
Jewellery
 b - a ring of wizardry
 e - a +6 ring of dexterity (left hand)
 o - a +5 ring of evasion
Scrolls
 m - 2 scrolls of teleportation
Potions
 d - a potion of might
 f - 4 potions of lignification
 g - a potion of heal wounds
 i - a potion of attraction {unknown}
 l - a potion of haste
 n - a potion of berserk rage {unknown}


   Skills:
 + Level 4.6 Fighting
 * Level 4.1 Axes
 + Level 4.5 Armour
 + Level 4.5 Shields


You had 5 spell levels left.
You didn't know any spells.
Your spell library contained the following spells:

 Spells                   Type           Power      Damage    Failure   Level
 Apportation              Tloc           0%         N/A       100%        1
 Necrotise                Necr           0%         1d4       100%        1
 Summon Small Mammal      Summ           0%         N/A       100%        1
 Hailstorm                Conj/Ice       0%         3d3       100%        3
 Ice Form                 Ice/Tmut       0%         N/A       100%        4
 Simulacrum               Ice/Necr       0%         N/A       100%        6


Dungeon Overview and Level Annotations

Branches:
Dungeon (5/15)
 Temple: D:4-7

Altars:
Yredelemnul

Shops:
D:1 =


Innate Abilities, Weirdness & Mutations

You are immune to sickness and miasma.
Your stone body is resilient. (AC +4)
You are immune to poison.
You resist negative energy. (rN+)
You are resistant to electric shocks. (rElec)
You are resistant to unholy torment.
You are immune to petrification.
You are clumsy. (Dex -2)
Your magical capacity is low. (-10% MP)
You passively map a small area around you.
You are occasionally teleported next to monsters.


Message History

A jelly is nearby!
A jelly is nearby!
The jelly quivers.
You see here a manual of Axes.
You pick up a manual of Axes and begin studying.
An orc comes into view. It is wielding a +0 whip.
The orc shouts!
The jelly hits you but does no damage.
You slash the jelly!
Your weapon exudes an aura of protection.
Your hands burn!
The jelly is almost dead.
An orc priest comes into view. It is wielding a +0 short sword.
The jelly hits you but does no damage.
An orc priest comes into view. It is wielding a +0 flail.
The jelly barely misses you.
The orc priest shouts! x2
You hit the jelly.
Your hands burn!
The jelly is almost dead.
An orc priest comes into view. It is wielding a +0 hand axe.
The jelly hits you but does no damage.
An orc priest comes into view. It is wielding a +0 short sword.
The orc priest shouts! x2
You slash the jelly!
You kill the jelly!
Your Axes skill increases to level 4!
The orc hits you with a +0 whip. The orc attacks as you move away!
The orc hits you but does no damage. The orc attacks as you move away!
The orc barely misses you. The orc attacks as you move away!
The orc hits you but does no damage. The orc attacks as you move away!
The orc hits you but does no damage.
The orc priest begins to cast a cantrip, but forgets the words!
The orc priest calls down the wrath of Beogh upon you.
Beogh smites you!
The orc priest mumbles some strange prayers to Beogh against you.
Beogh smites you!
* * * LOW HITPOINT WARNING * * *
The orc priest invokes the aid of Beogh against you.
Beogh smites you!
You die...

, , #.......# *
#.......##
##.###.#oo....#
..............#
*
........oo....+
*
##.###.#......#
*
#...#.#o.....##*
* ,,
#..............
,
....#.#@.....##
####...<.....#
+..))#......
#...........
,#........... *
, , ,
#........... *
##.###...... ,
*#. ..##.# ,..
... ,


You could see 4 orc priests and an orc.

Vanquished Creatures
  A necrophage (D:4)
  A scorpion (D:4)
  A jelly (D:5)
  A hound (D:4)
  An iguana (D:4)
  A gnoll (D:1)
  4 adders
  3 worms
  A dart slug (D:4)
  5 orcs
  5 ball pythons
  6 bats
  8 endoplasms
  3 giant cockroaches (D:1)
  5 goblins
  6 hobgoblins
  12 kobolds
  4 quokkas
  3 frilled lizards (D:1)
  5 rats
76 creatures vanquished.

Vanquished Creatures (others)
  2 plants (D:5)
2 creatures vanquished.

Grand Total: 78 creatures vanquished

Notes
Turn   | Place    | Note
-------+----------+-------------------------------------------
     0 | D:1      | ryw the Gargoyle Fighter began the quest for the Orb.
     0 | D:1      | Reached XP level 1. HP: 14/14 MP: 1/1
    26 | D:1      | Reached XP level 2. HP: 19/19 MP: 2/2
   390 | D:1      | Found Wenim's Jewellery Emporium.
   396 | D:1      | Reached XP level 3. HP: 23/23 MP: 3/3
   729 | D:1      | Identified a scroll of acquirement
   798 | D:2      | Found a faded altar of an unknown god.
   962 | D:2      | Found a basalt altar of Yredelemnul.
  1277 | D:2      | Gained mutation: You expend magic power (3 MP) to
                  | strengthen your wands. [potion of mutation]
  1277 | D:2      | Gained mutation: You occasionally lose the ability to drink
                  | potions when taking damage. [potion of mutation]
  1277 | D:2      | Gained mutation: You have a pair of small horns on your
                  | head. [potion of mutation]
  1277 | D:2      | Gained mutation: You are partially covered in large bone
                  | plates. (SH +4) [potion of mutation]
  1278 | D:2      | Lost mutation: You are partially covered in large bone
                  | plates. (SH +4) [potion of mutation]
  1278 | D:2      | Lost mutation: You expend magic power (3 MP) to strengthen
                  | your wands. [potion of mutation]
  1278 | D:2      | Lost mutation: You have a pair of small horns on your head.
                  | [potion of mutation]
  1278 | D:2      | Gained mutation: Your spells are a little easier to cast,
                  | but a little less powerful. [potion of mutation]
  1279 | D:2      | Lost mutation: Your spells are a little easier to cast, but
                  | a little less powerful. [potion of mutation]
  1279 | D:2      | Lost mutation: You occasionally lose the ability to drink
                  | potions when taking damage. [potion of mutation]
  1279 | D:2      | Gained mutation: You are clumsy. (Dex -2) [potion of
                  | mutation]
  1279 | D:2      | Gained mutation: You are occasionally teleported next to
                  | monsters. [potion of mutation]
  1279 | D:2      | Gained mutation: Your magical capacity is low. (-10% MP)
                  | [potion of mutation]
  1279 | D:2      | Gained mutation: You passively map a small area around you.
                  | [potion of mutation]
  1310 | D:3      | Reached XP level 4. HP: 29/29 MP: 3/3
  2166 | D:4      | Noticed a scorpion
  2171 | D:4      | Killed a scorpion
  2172 | D:4      | Reached XP level 5. HP: 26/33 MP: 4/4
  2239 | D:4      | Reached XP level 6. HP: 36/38 MP: 5/5
  2603 | D:5      | Entered Level 5 of the Dungeon
  2618 | D:5      | Acquired the +2 hat of Jikucwuk {rF+}
  2620 | D:5      | Acquired a manual of Axes
  2640 | D:5      | Killed from afar by an orc priest

Illustrated notes

Levels and vault maps discovered:
D:1:      minmay_arrival_doors, layout_basic, serial_shops, shop,
          amcnicky_mini_pool_small
D:2:      layout_rooms, basic_altar, nicolae_ecumenical_pavilion,
          chequers_serial_rivers_micro_a, minivault_26, minmay_tromino_v7
D:3:      layout_loops_ring
D:4:      layout_cave_pools, kennysheep_generic_room_10
D:5:      layout_basic, makhleb_grotto_becter, minmay_temple_entry_butterflies,
          guppyfry_early_lair_pool

Skill      XL: |  1  2  3  4  5  6 |
---------------+-------------------+-----
Axes           | 2 3 4 |  4.1
Fighting       | 4 |  4.6
Armour         | 4 |  4.5
Shields        | 4 |  4.5

Action                   |  1- 3 |  4- 6 || total
-------------------------+-------+-------++-------
Melee: War axe           |    69 |   115 ||   184
  Use: Scroll            |     5 |     6 ||    11
       Potion            |     3 |     1 ||     4
Armor: Scale mail        |    26 |       ||    26
       Plate armour      |    25 |    97 ||   122
Dodge: Dodged            |    22 |    31 ||    53
Block: Buckler           |    12 |    42 ||    54

Table legend: (Time is in decaauts)
 A = Elapsed time spent in this place.
 B = Non-inter-level travel time spent in this place.
 C = Inter-level travel time spent in this place.
 D = Time resting spent in this place.
 E = Time spent auto-exploring this place.
 F = Levels seen in this place.
 G = Mean time per level.
                   A        B        C        D        E       F      G
               +--------+--------+--------+--------+--------+-----+--------+
         Total |   2712 |   2576 |    136 |     50 |   1935 |   5 |  542.4 |
       Dungeon |   2712 |   2576 |    136 |     50 |   1935 |   5 |  542.4 |
               +--------+--------+--------+--------+--------+-----+--------+

Top non-repeatable levels by time:
     D:1: 812 daAuts
     D:3: 773 daAuts
     D:4: 569 daAuts
     D:2: 516 daAuts
     D:5: 40 daAuts
